 Dungeon Crawl Stone Soup version 0.21.1-1-g345015f (webtiles) character file.

241 Fang the Skirmisher (level 6, -2/40 HPs)
             Began as a Gargoyle Berserker on May 11, 2018.
             Was a Believer of Trog.
             Slain by a gnoll
             ... wielding a +0 whip
              (5 damage)
             ... on level 3 of the Dungeon.
             The game lasted 00:01:45 (2101 turns).

Fang the Skirmisher (Gargoyle Berserker)            Turns: 2101, Time: 00:01:45

Health: -2/40      AC:  6    Str: 22    XL:     6   Next: 8%
Magic:  6/6        EV: 12    Int:  8    God:    Trog [**....]
Gold:   69         SH:  0    Dex:  9    Spells: 5/5 levels left

rFire    . . .     SeeInvis .   a - +0 hand axe
rCold    . . .     Gourm    .   (no shield)
rNeg     + . .     Faith    .   b - +0 animal skin
rPois    ∞         Spirit   .   (no helmet)
rElec    +         Reflect  .   (no cloak)
rCorr    .         Harm     .   (no gloves)
MR       .....                  (no boots)
Stlth    +.........             (no amulet)
HPRegen  0.13/turn              (no ring)
MPRegen  0.10/turn              (no ring)

@: no status effects
A: negative energy resistance 1, electricity resistance, unbreathing,
petrification resistance, rot immunity, AC +4
a: Berserk, Trog's Hand, Burn Spellbooks, Renounce Religion


You were on level 3 of the Dungeon.
You worshipped Trog.
Trog was pleased with you.
You were not hungry.

You visited 1 branch of the dungeon, and saw 3 of its levels.

You collected 69 gold pieces.

Inventory:

Hand Weapons
 a - a +0 hand axe (weapon)
Armour
 b - a +0 animal skin (worn)
Jewellery
 i - an uncursed ring of protection from fire {unknown}
Scrolls
 d - 2 scrolls of fog
 e - a scroll of remove curse {unknown}
 f - a scroll of identify
 g - a scroll of noise {unknown}
 h - a scroll of teleportation {unknown}
 k - a scroll of magic mapping {unknown}
Comestibles
 c - 6 rations


   Skills:
 + Level 4.9 Fighting
 + Level 4.4 Axes
 + Level 2.4 Armour
 + Level 2.5 Dodging
 + Level 0.8 Stealth


You had 5 spell levels left.
You didn't know any spells.

Dungeon Overview and Level Annotations

Branches:
Dungeon (3/15)

Altars:
Makhleb
Okawaru
Sif Muna
Trog

Annotations:
D:3 MuriloBR's ghost, amateur DEFE


Innate Abilities, Weirdness & Mutations

You are resistant to torment.
Your stone body is resilient. (AC +4)
You are immune to poison.
You resist negative energy. (rN+)
You are resistant to electric shocks. (rElec)
You can survive without breathing.
You are immune to petrification.
You are immune to rotting.


Message History

Trog accepts your kill.
You hit the gnoll. The gnoll closely misses you.
MuriloBR's ghost casts a spell at you. The flame tongue hits you!
* * * LOW HITPOINT WARNING * * *
You eat one of the 7 rations.
That ration really hit the spot!
The gnoll hits you with a whip.
* * * LOW HITPOINT WARNING * * *
MuriloBR's ghost points at you and mumbles some strange words.
The flame tongue hits you!
* * * LOW HITPOINT WARNING * * *
The gnoll barely misses you.
You aren't carrying any potions.
Okay, then.
As you read the scroll labeled EMALLI GOELO, it crumbles to dust.
It is a scroll of identify.
d - 2 scrolls of fog The gnoll barely misses you.
MuriloBR's ghost closely misses you. The gnoll hits you with a whip.
You die...

### #.## #..
.... #.#
#..# #.#
#..# #.#
#g.# #.#
#..#
#####.###gg#
#....<...@W#
#.###.###..#
#.# #.....
#.# #>####..
#.# #.# #.#
#.# #.. #.#
### #.#


You could see MuriloBR's ghost and 3 gnolls.

Vanquished Creatures
  An ogre (D:2)
  A hound (D:2)
  3 gnolls (D:2)
  5 adders (D:2)
  An ooze (D:2)
  3 worms (D:2)
  A leopard gecko (D:1)
  An orc (D:3)
  A giant cockroach (D:2)
  10 goblins
  2 hobgoblins
  8 kobolds
  A ball python (D:1)
  2 bats
  A frilled lizard (D:1)
  6 rats
47 creatures vanquished.

Notes
Turn   | Place    | Note
-------+----------+-------------------------------------------
     0 | D:1      | Fang the Gargoyle Berserker began the quest for the Orb.
     0 | D:1      | Reached XP level 1. HP: 14/14 MP: 1/1
   157 | D:1      | Reached XP level 2. HP: 18/19 MP: 2/2
   584 | D:2      | Noticed an ogre
   588 | D:2      | Reached XP level 3. HP: 24/24 MP: 3/3
   599 | D:2      | Killed an ogre
   599 | D:2      | Reached XP level 4. HP: 12/30 MP: 4/4
   599 | D:2      | Reached XP level 5. HP: 14/34 MP: 5/5
   846 | D:2      | Reached ** piety under Trog
  1085 | D:2      | Found a deep blue altar of Sif Muna.
  1409 | D:2      | Reached XP level 6. HP: 23/40 MP: 6/6
  1579 | D:2      | Found a burning altar of Makhleb.
  1743 | D:2      | Found an iron altar of Okawaru.
  1743 | D:2      | Found a bloodstained altar of Trog.
  2092 | D:3      | Noticed MuriloBR's ghost (amateur DEFE)
  2101 | D:3      | Slain by a gnoll

Skill      XL: |  1  2  3 |
---------------+----------+-----
Axes           | 3 4 |  4.4
Fighting       | 4 |  4.9
Dodging        | 2 |  2.5
Armour         | |  2.4
Stealth        | |  0.8

Action                   |  1- 3 |  4- 6 || total
-------------------------+-------+-------++-------
Melee: Hand axe          |    49 |    93 ||   142
Invok: Berserk           |     1 |     1 ||     2
  Use: Potion            |     1 |       ||     1
       Scroll            |       |     1 ||     1
  Eat: Chunk             |       |     4 ||     4
       Ration            |       |     1 ||     1
Armor: Animal skin       |    10 |    43 ||    53
       Skin              |     1 |     5 ||     6
Dodge: Dodged            |    36 |    72 ||   108
